 Dungeon Crawl Stone Soup version 0.30.0-20-g3615ddf2f0 (webtiles) character file.

Game seed: 12369429820474983068

461 qw the Chopper (level 7, -1/43 HPs)
             Began as a Gargoyle Fighter on May 29, 2023.
             Slain by an ogre
             ... wielding a +0 giant spiked club
              (15 damage)
             ... on level 5 of the Dungeon.
             The game lasted 00:01:50 (4233 turns).

qw the Chopper (Gargoyle Fighter)                   Turns: 4233, Time: 00:01:50

Health: -1/43      AC: 16    Str: 20    XL:     7   Next: 7%
Magic:  7/7        EV:  5    Int:  8    God:
Gold:   279        SH:  4    Dex:  9    Spells: 6/6 levels left

rFire   . . .        Y - +0 war axe
rCold   . . .        c - +0 buckler
rNeg    + . .        k - +0 plate armour
rPois   inf          (no helmet)
rElec   +            (no cloak)
rCorr   .            (no gloves)
SInv    .            (no boots)
Will    .....        (no amulet) Stlth
                     (no ring)
HPRegen 0.27/turn    (no ring)
MPRegen 0.10/turn

%: no passive effects
@: no status effects
A: sickness immunity, AC +4, negative energy resistance 1, electricity
resistance, torment resistance 1, petrification resistance, weak 1
a: no special abilities


You were on level 5 of the Dungeon.
You visited 1 branch of the dungeon, and saw 5 of its levels.
You also visited: Sewer.

You collected 279 gold pieces.


Innate Abilities, Weirdness & Mutations

You are immune to sickness and miasma.
Your stone body is resilient. (AC +4)
You are immune to poison.
You resist negative energy. (rN+)
You are resistant to electric shocks. (rElec)
You are resistant to unholy torment.
You are immune to petrification.
You are weak. (Str -2)


   Skills:
 - Level 4.0 Fighting
 + Level 5.9 Axes
 - Level 1.2 Throwing
 - Level 3.2 Armour
 - Level 1.3 Dodging
 - Level 3.2 Shields


You had 6 spell levels left.
You didn't know any spells.
Your spell library was empty.

Inventory:

Hand Weapons
 o - a +0 flail
 Y - a +0 war axe (weapon)
Armour
 c - a +0 buckler (worn)
 k - a +0 plate armour (worn)
Scrolls
 e - a scroll of identify
 m - a scroll of teleportation
Potions
 a - a potion of cancellation
 d - a potion of might
 f - a potion of magic {unknown}
 g - a potion of lignification {unknown}
 i - a potion of heal wounds {unknown}
 j - a potion of mutation
 l - a potion of brilliance {unknown}
 n - a potion of resistance {unknown}

Dungeon Overview and Level Annotations

Branches:
Dungeon (5/15)             Temple (0/1) D:5           Sewer (visited)

Altars:
Dithmenos
Vehumet


Message History

You block the ufetubus's attack. The ufetubus hits you.
You barely miss the orc wizard.
The orc wizard is moderately wounded.
You slash the ufetubus!
You kill the ufetubus!
You barely miss the orc. You hit the ogre. You slash something!
Reactivating autopickup.
You feel a bit more experienced.
You hit the orc. You block the orc's attack. The orc hits you with a +0 whip.
You block the ogre's attack.
The orc wizard hits you but does no damage.
You have reached level 7!
You hit the orc.
You kill the orc!
You hit the orc wizard. You closely miss the orc. You hit the orc.
You hit the ogre. The orc hits you with a +0 dagger.
The orc wizard hits you but does no damage.
The orc hits you but does no damage. The ogre hits you but does no damage.
You closely miss the orc wizard.
The orc wizard is severely wounded.
You hit the ogre. You hit the orc but do no damage. You barely miss the orc.
The orc hits you but does no damage.
The orc wizard hits you but does no damage.
You block the orc's attack.
The orc wizard hits you but does no damage.
The orc hits you but does no damage. You block the ogre's attack.
The orc hits you but does no damage.
You hit the orc wizard but do no damage.
The orc wizard is severely wounded.
You hit the orc. You barely miss the orc. You slash the ogre!
The orc hits you but does no damage. x2
The orc wizard hits you with a +0 dagger.
You barely miss the ogre.
The ogre is almost dead.
You hit the orc wizard.
You kill the orc wizard!
You barely miss the orc. You hit the orc but do no damage.
The ogre hits you with a +0 giant spiked club!
You die...

#..... ##.### .?.
......##....##...
...............###
.................##
##.......##...##..#.
.........##...##......
......)O)..............
......o@)...>....##.....
.....#o).[............?.
... #....##...##........
. .....#.##...##.)......
......................
...........##..........
..#...##.####.....##..
.##...#...##......# #...
#...>.<##


You could see an ogre and 2 orcs.

Vanquished Creatures
  Pargi (Sewer)
  A jelly (D:5)
  2 orc priests
  A sleepcap (D:4)
  5 orc wizards
  6 adders
  An ufetubus (D:5)
  3 dart slugs
  9 orcs
  6 ball pythons
  5 endoplasms
  4 giant cockroaches
  4 goblins
  6 hobgoblins
  4 jackals (D:1)
  3 quokkas
  7 bats
  4 frilled lizards
  7 kobolds
  A rat (D:1)
80 creatures vanquished.

Notes
Turn   | Place    | Note
-------+----------+-------------------------------------------
     0 | D:1      | qw the Gargoyle Fighter began the quest for the Orb.
     0 | D:1      | Reached XP level 1. HP: 14/14 MP: 1/1
     0 | D:1      | 0 ||| qw: Version: 0.2-a-101-gf424e7f
     0 | D:1      | 0 ||| qw: Game counter: 339
     0 | D:1      | 0 ||| qw: Always use a shield: true
     0 | D:1      | 0 ||| qw: God list: Okawaru
     0 | D:1      | 0 ||| qw: Allow faded altars: false
     0 | D:1      | 0 ||| qw: Do Orc after D:15 true
     0 | D:1      | 0 ||| qw: Do second Lair branch before Depths: true
     0 | D:1      | 0 ||| qw: Lair rune preference: random
     0 | D:1      | 0 ||| qw: Plans: Normal, Zot:1-4, Slime:5, God:TSO, Crypt,
                  | Tomb, Pan, Hells, Abyss, Win
     0 | D:1      | 0 ||| PLANNING D:1-11
    48 | D:1      | 48 ||| READING scroll labelled HIPLAU FENEXKI.
    62 | D:1      | Reached skill level 2 in Axes
   114 | D:1      | 114 ||| Stepping ~*~*~tactically~*~*~ (hiding).
   121 | D:1      | Reached XP level 2. HP: 19/19 MP: 2/2
   324 | D:1      | 324 ||| DROPPING +0 club.
   572 | D:1      | 572 ||| Stepping ~*~*~tactically~*~*~ (stealth).
   576 | D:1      | 576 ||| Stepping ~*~*~tactically~*~*~ (stealth).
   596 | D:1      | Reached skill level 3 in Axes
   902 | D:1      | Reached XP level 3. HP: 23/23 MP: 3/3
  1158 | D:1      | 1158 ||| DROPPING ring of magical power.
  1159 | D:1      | 1159 ||| READING scroll labelled ZIGGAE YGUD.
  1174 | D:1      | 1174 ||| READING scroll labelled GUWOSIGGUWKA.
  1837 | D:2      | Reached XP level 4. HP: 24/28 MP: 4/4
  1915 | D:2      | 1915 ||| READING scroll labelled KUODECW ISOIBO.
  1916 | D:2      | 1916 ||| READING scroll labelled LUFOSEGGOL.
  1917 | D:2      | 1917 ||| READING scroll labelled KEGEBB XARROEZ.
  1918 | D:2      | 1918 ||| READING scroll labelled PAUSOHUSCH ZATI.
  2019 | D:2      | 2019 ||| READING 2 scrolls labelled NUSTUD ADWOHA.
  2020 | D:2      | 2020 ||| DROPPING scroll of magic mapping.
  2044 | D:3      | 2044 ||| PLANNING SEWER
  2065 | D:3      | Reached skill level 4 in Axes
  2106 | D:3      | Found a glowing drain.
  2111 | Sewer    | Entered a sewer
  2177 | Sewer    | Noticed Pargi
  2196 | Sewer    | HP: 6/28 [Pargi (3)]
  2197 | Sewer    | Killed Pargi
  2198 | Sewer    | Reached skill level 5 in Axes
  2198 | Sewer    | Reached XP level 5. HP: 5/32 MP: 5/5
  2370 | Sewer    | 2370 ||| READING scroll labelled RUUCWI JOHO.
  2386 | D:3      | 2386 ||| PLANNING D:1-11
  2430 | D:3      | 2430 ||| Stepping ~*~*~tactically~*~*~ (hiding).
  2433 | D:3      | 2433 ||| Stepping ~*~*~tactically~*~*~ (hiding).
  2434 | D:3      | 2434 ||| Stepping ~*~*~tactically~*~*~ (hiding).
  2476 | D:3      | 2476 ||| Stepping ~*~*~tactically~*~*~ (stealth).
  2480 | D:3      | 2480 ||| Stepping ~*~*~tactically~*~*~ (stealth).
  2481 | D:3      | 2481 ||| Stepping ~*~*~tactically~*~*~ (stealth).
  2482 | D:3      | 2482 ||| Stepping ~*~*~tactically~*~*~ (stealth).
  2570 | D:3      | 2570 ||| Stepping ~*~*~tactically~*~*~ (hiding).
  2571 | D:3      | 2571 ||| Stepping ~*~*~tactically~*~*~ (hiding).
  2590 | D:3      | 2590 ||| Stepping ~*~*~tactically~*~*~ (stealth).
  2594 | D:3      | 2594 ||| Stepping ~*~*~tactically~*~*~ (hiding).
  2595 | D:3      | 2595 ||| Stepping ~*~*~tactically~*~*~ (hiding).
  2667 | D:3      | Reached XP level 6. HP: 38/38 MP: 6/6
  2721 | D:3      | 2721 ||| Stepping ~*~*~tactically~*~*~ (stealth).
  2771 | D:3      | Found a faded altar of an unknown god.
  2997 | D:3      | 2997 ||| READING scroll labelled TEXAMM AZYSAXT.
  2998 | D:3      | 2998 ||| DRINKING 2 yellow potions.
  2999 | D:3      | 2999 ||| READING 2 scrolls of identify.
  2999 | D:3      | 2999 ||| IDENTIFYING cyan potion
  3315 | D:4      | Reached skill level 1 in Dodging
  3381 | D:4      | Found a radiant altar of Vehumet.
  3382 | D:4      | 3382 ||| FLEEEEING.
  3383 | D:4      | 3383 ||| FLEEEEING.
  3384 | D:4      | 3384 ||| FLEEEEING.
  3385 | D:4      | 3385 ||| STAIRDANCE
  3410 | D:3      | 3410 ||| UPGRADING to +0 plate armour.
  3420 | D:3      | 3420 ||| DROPPING +0 scale mail.
  3421 | D:3      | 3421 ||| DRINKING 2 fuming coppery potions.
  3421 | D:3      | Gained mutation: You are weak. (Str -2) [potion of
                  | mutation]
  3424 | D:4      | 3424 ||| STAIRDANCE
  3510 | D:4      | 3510 ||| DRINKING potion of curing.
  3510 | D:4      | 3510 ||| (to cure confusion)
  3516 | D:4      | HP: 7/38 [orc priest/nerve-wracking pain (3)]
  3517 | D:4      | 3517 ||| READING 2 scrolls of teleportation.
  3519 | D:4      | Reached skill level 1 in Throwing
  3901 | D:4      | 3901 ||| DROPPING +0 whip.
  4139 | D:4      | 4139 ||| READING scroll labelled ZUZANA TOSYRU.
  4199 | D:5      | Entered Level 5 of the Dungeon
  4199 | D:5      | Found a shadowy altar of Dithmenos.
  4200 | D:5      | Found a staircase to the Ecumenical Temple.
  4201 | D:5      | 4201 ||| PLANNING TEMPLE
  4230 | D:5      | Reached XP level 7. HP: 18/43 MP: 7/7
  4233 | D:5      | Slain by an ogre

Levels and vault maps discovered:
D:1:      minmay_arrival_up_and_down, layout_loops_ring, serial_rivers,
          chequers_serial_rivers_room_b, chequers_serial_rivers_room_b,
          chequers_serial_rivers_small_b, chequers_serial_rivers_small_b,
          chequers_serial_rivers_micro_a, chequers_serial_rivers_micro_c,
          item_on_display_a
D:2:      layout_basic, guppyfry_early_lair_pool
D:3:      layout_rooms, shapermc_ecumenical_altar_mp_urbaneastern,
          portal_sewer_entry_e, due_unseen_surprise
D:4:      nicolae_cairo_tiling_large_dashed, layout_gridville,
          vehumet_altar_wand_db, kennysheep_orc_chapel
D:5:      layout_cave_pools, grunt_dithmenos_smoke,
          minmay_temple_entry_stoned_glass

Skill      XL: |  1  2  3  4  5  6 |
---------------+-------------------+-----
Axes           | 2 3 5 |  5.9
Fighting       | 4 |  4.0
Dodging        | 1 |  1.3
Throwing       | 1 |  1.2
Armour         | |  3.2
Shields        | |  3.2

Action                     |  1- 3 |  4- 6 |  7- 9 || total
---------------------------+-------+-------+-------++-------
  Melee: War axe           |    82 |   164 |     4 ||   250
  Throw: Javelin           |       |    10 |       ||    10
    Use: Scroll            |     3 |    10 |       ||    13
         Potion            |       |     3 |       ||     3
 Armour: Scale mail        |    39 |    78 |       ||   117
         Plate armour      |       |    63 |    10 ||    73
  Dodge: Dodged            |    30 |    84 |       ||   114
  Block: Buckler           |    17 |    45 |     2 ||    64

Table legend:
 A = Non-vault XP
 B = Vault XP
 C = Vault XP percentage of total XP
 D = Non-vault monster count
 E = Vault monster count
 F = Vault count percentage of total count
                 A         B        C        D         E       F
            +---------+---------+-------+---------+---------+-------
      Total |     423 |     271 |  39.0 |      67 |      13 |  16.2
            +---------+---------+-------+---------+---------+-------
        D:1 |      38 |       0 |   0.0 |      19 |       0 |   0.0
        D:2 |      52 |       0 |   0.0 |      11 |       0 |   0.0
        D:3 |      84 |       0 |   0.0 |      15 |       0 |   0.0
        D:4 |      83 |     119 |  58.9 |      14 |       6 |  30.0
        D:5 |     166 |       0 |   0.0 |       8 |       0 |   0.0
      Sewer |       0 |     152 | 100.0 |       0 |       7 | 100.0
            +---------+---------+-------+---------+---------+-------
